 Dungeon Crawl Stone Soup version 0.21.1-1-g345015f (webtiles) character file.

28476 Kairos the Basher (level 13, -6/101 HPs)
             Began as a Human Fighter on Apr 1, 2018.
             Was a High Priest of Okawaru.
             Killed from afar by a catoblepas (9 damage)
             ... with a blast of calcifying dust
             ... on level 5 of the Lair of Beasts.
             The game lasted 00:49:18 (19949 turns).

Kairos the Basher (Human Fighter)                  Turns: 19949, Time: 00:49:18

Health: -6/101     AC: 11    Str: 20    XL:     13   Next: 73%
Magic:  14/14      EV: 21    Int: 12    God:    Okawaru [*****.]
Gold:   889        SH: 15    Dex: 19    Spells: 12/12 levels left

rFire    . . .     SeeInvis .   i - +9 spear of Deagi {pierce, rC+ Stlth+}
rCold    + . .     Gourm    .   c - +3 shield
rNeg     + . .     Faith    +   L - +3 leather armour of Divine Intervention {rPois Str+2 Dex+3}
rPois    +         Spirit   .   (no helmet)
rElec    .         Reflect  .   J - +0 cloak
rCorr    .         Harm     .   l - +0 pair of gloves of the Crushed Spirits {rPois rN+ Int+3}
MR       .....                  y - +0 pair of boots
Stlth    ++++......             R - amulet of faith
HPRegen  0.26/turn              s - +3 ring of evasion
MPRegen  0.14/turn              K - +2 ring of evasion

@: very slightly contaminated
A: no striking features
a: Heroism, Finesse, Renounce Religion


You were on level 5 of the Lair of Beasts.
You worshipped Okawaru.
Okawaru was extremely pleased with you.
You were near starving.

You visited 3 branches of the dungeon, and saw 17 of its levels.

You collected 889 gold pieces.

Inventory:

Hand Weapons
 a - a +0 war axe
 e - a +2 vampiric lajatang
 i - the +9 spear of Deagi (weapon) {pierce, rC+ Stlth+}
   (You found it on level 5 of the Lair of Beasts)

   It inflicts extra damage upon your enemies.
   It protects you from cold.
   It makes you more stealthy.
 k - a +2 morningstar
Missiles
 m - 3 tomahawks of returning (quivered)
 r - 12 tomahawks
 E - 6 poisoned javelins
Armour
 c - a +3 shield (worn)
 l - the +0 pair of gloves of the Crushed Spirits (worn) {rPois rN+ Int+3}
   (You found it on level 10 of the Dungeon)

   It affects your intelligence (+3).
   It protects you from poison.
   It protects you from negative energy.
 y - a +0 pair of boots (worn)
 J - a +0 cloak (worn)
 L - the +3 leather armour of Divine Intervention (worn) {rPois Str+2 Dex+3}
   (You found it on level 8 of the Dungeon)

   It affects your strength (+2).
   It affects your dexterity (+3).
   It protects you from poison.
 P - a +3 plate armour
Jewellery
 h - an uncursed amulet of guardian spirit
 s - a +3 ring of evasion (left hand)
 K - a +2 ring of evasion (right hand)
 R - an amulet of faith (around neck)
Wands
 p - a wand of digging (11)
 D - a wand of random effects (22)
 I - a wand of paralysis (30)
Scrolls
 n - 3 scrolls of remove curse
 v - 3 scrolls of amnesia
 x - 5 scrolls of teleportation
 A - 4 scrolls of fear
 C - 2 scrolls of fog
 F - a scroll of identify
 Q - a scroll of summoning
Potions
 d - a potion of might
 g - 5 potions of agility
 j - 5 potions of lignification
 o - 3 potions of curing
 t - a potion of brilliance
 u - 2 potions of invisibility {unknown}
 w - a potion of ambrosia {unknown}
 z - 3 potions of heal wounds
 B - 3 potions of berserk rage {unknown}
 H - 3 potions of haste
Miscellaneous
 b - a phial of floods
Comestibles
 f - 17 rations


   Skills:
 + Level 9.0 Fighting
 + Level 3.5(9.8) Axes
 + Level 13.7(13.9) Maces & Flails
 + Level 0.4(2.2) Polearms
 + Level 1.1 Throwing
 + Level 8.2 Armour
 + Level 7.3 Dodging
 + Level 3.8 Stealth
 + Level 10.1 Shields
 + Level 2.3 Invocations
 + Level 0.5 Evocations


You had 12 spell levels left.
You didn't know any spells.

Dungeon Overview and Level Annotations

Branches:
Dungeon (11/15)            Temple (1/1) D:4            Lair (5/6) D:10
  Swamp (0/4) Lair:4        Snake (0/4) Lair:3        Slime (0/5) Lair:5
    Orc: D:9-12

Altars:
Ashenzari
Cheibriados
Dithmenos
Elyvilon
Fedhas
Gozag
Hepliaklqana
Kikubaaqudgha
Makhleb
Nemelex Xobeh
Okawaru
Ru
Trog
Vehumet
Wu Jian
Xom
Yredelemnul

Shops:
D:5 [


Message History

You are engulfed in calcifying dust.
The catoblepas breathes a plume of calcifying dust at you.
The blast of calcifying dust hits you!
You are engulfed in calcifying dust.
The catoblepas gores you!!
You are engulfed in calcifying dust.
The catoblepas gores you.
You are engulfed in calcifying dust.
The catoblepas gores you!!
* * * LOW HITPOINT WARNING * * *
You are engulfed in calcifying dust.
The catoblepas gores you!
* * * LOW HITPOINT WARNING * * *
The catoblepas gores you!!
* * * LOW HITPOINT WARNING * * *
You turn to flesh and can move again.
Okay, then.
Blink to where?
Press: ? - help, Dir - move target cursor, p - catoblepas You are very lightly contaminated with residual magic.
As you read the scroll of blinking, it crumbles to dust.
The catoblepas breathes a plume of calcifying dust at you.
The blast of calcifying dust hits you!
You die...

...............#.######
....P.........................P#.
.................................
.................................
.................................
.................................
.................................
.........................<..#...#
>........Y....ยงยง@........######.#
.......#.#.#.......###.#.# ###
.P.#.P#.#..........# ##### # ##
#P##.#.........## #
####............## #
#..............### #
#................## #
##.................# # ##
##........##........## #


There were no monsters in sight!

Vanquished Creatures
  2 hydras (Lair:4)
  2 two-headed ogres
  Urug (Lair:3)
  The ghost of Baghtru the Protected, a novice MiFi of Okawaru (D:7)
  3 skeletal warriors
  The ghost of AdmiralAndromeda the Arsonist, a novice DEFE of Vehumet (D:6)
  A cyclops (D:10)
  2 black mambas
  Joseph (D:7)
  Psyche (D:8)
  10 elephants (Lair:4)
  5 spiny frogs
  A rime drake (Lair:5)
  5 komodo dragons
  9 hippogriffs
  4 blink frogs (Lair:3)
  A wraith (D:10)
  A vampire (D:9)
  27 yaks
  A basilisk (Lair:1)
  4 vampire mosquitoes (Lair:4)
  2 nagas (Lair:3)
  7 porcupines
  10 water moccasins
  5 ice beasts
  2 phantoms (D:7)
  3 orc warriors
  5 sky beasts
  3 black bears
  7 ogres
  4 centaurs
  9 crocodiles
  2 big kobolds
  7 bullfrogs
  4 scorpions
  A wyvern skeleton (D:9)
  3 wights
  A howler monkey (D:9)
  A centaur zombie (D:5)
  A quasit (D:10)
  5 jellies
  2 centaur skeletons
  8 orc priests
  A bullfrog skeleton (D:3)
  5 hounds
  3 iguanas
  A gnoll shaman (D:4)
  Crazy Yiuf (D:7)
  Terence (D:2)
  6 orc wizards
  8 worker ants
  A statue (D:8)
  A killer bee zombie (D:7)
  A worker ant zombie (D:6)
  A howler monkey skeleton (D:8)
  4 gnolls (D:4)
  11 adders
  2 shadow imps
  An ooze (D:1)
  2 worms
  4 dart slugs
  2 leopard geckos
  29 orcs
  A ball python (D:1)
  10 bats
  5 giant cockroaches
  4 goblins
  8 hobgoblins
  5 jackals
  15 kobolds
  6 quokkas
  6 frilled lizards
  A jackal skeleton (D:4)
  A quokka zombie (D:8)
  7 rats
  A plant (D:10)
330 creatures vanquished.

Vanquished Creatures (others)
  8 fungi
  7 plants (Lair:4)
15 creatures vanquished.

Grand Total: 345 creatures vanquished

Notes
Turn   | Place    | Note
-------+----------+-------------------------------------------
     0 | D:1      | Kairos the Human Fighter began the quest for the Orb.
     0 | D:1      | Reached XP level 1. HP: 18/18 MP: 1/1
    48 | D:1      | Reached XP level 2. HP: 17/24 MP: 2/2
   396 | D:1      | Reached XP level 3. HP: 29/29 MP: 3/3
   701 | D:2      | Reached XP level 4. HP: 16/35 MP: 2/4
   722 | D:2      | Noticed Terence
   926 | D:2      | Killed Terence
   968 | D:2      | Reached XP level 5. HP: 28/41 MP: 5/5
  2317 | D:3      | Reached skill level 1 in Maces & Flails
  2317 | D:3      | Reached XP level 6. HP: 34/48 MP: 4/6
  2980 | D:4      | Noticed an ogre
  2987 | D:4      | Killed an ogre
  2987 | D:4      | Reached skill level 2 in Maces & Flails
  2987 | D:4      | Reached skill level 1 in Dodging
  3095 | D:4      | Reached XP level 7. HP: 54/54 MP: 7/7
  3202 | D:4      | Found a staircase to the Ecumenical Temple.
  3310 | Temple   | Entered the Ecumenical Temple
  3336 | Temple   | Became a worshipper of Warmaster Okawaru
  3440 | D:4      | Reached skill level 3 in Maces & Flails
  3464 | D:4      | Found a blossoming altar of Fedhas.
  3504 | D:4      | Reached skill level 4 in Maces & Flails
  3704 | D:5      | Entered Level 5 of the Dungeon
  3704 | D:5      | Noticed a yak
  3704 | D:5      | Noticed a yak
  3704 | D:5      | Noticed a yak
  3706 | D:5      | Noticed a yak
  3707 | D:5      | Noticed a yak
  3707 | D:5      | Noticed a yak
  3717 | D:4      | Killed a yak
  3717 | D:4      | Reached * piety under Okawaru
  3717 | D:4      | Reached skill level 5 in Armour
  3717 | D:4      | Reached XP level 8. HP: 19/60 MP: 3/8
  3939 | D:5      | Found Xemuv's Armour Shoppe.
  4074 | D:5      | Reached skill level 5 in Maces & Flails
  4513 | D:5      | Killed a yak
  5210 | D:5      | Killed a yak
  5210 | D:5      | Reached skill level 6 in Maces & Flails
  5254 | D:5      | Killed a yak
  5254 | D:5      | Reached ** piety under Okawaru
  5254 | D:5      | Reached XP level 9. HP: 66/66 MP: 9/9
  5392 | D:6      | Noticed AdmiralAndromeda's ghost (novice DEFE)
  5481 | D:6      | Reached skill level 7 in Maces & Flails
  5795 | D:6      | Reached skill level 5 in Shields
  5821 | D:6      | Found an ancient bone altar of Kikubaaqudgha.
  6274 | D:6      | Killed AdmiralAndromeda's ghost
  6274 | D:6      | Reached skill level 5 in Fighting
  6616 | D:7      | Reached *** piety under Okawaru
  6617 | D:7      | Noticed Baghtru's ghost (novice MiFi)
  7103 | D:7      | Reached skill level 8 in Maces & Flails
  7103 | D:7      | Reached XP level 10. HP: 71/74 MP: 10/10
  7382 | D:7      | Found a bloodstained altar of Trog.
  8015 | D:7      | Noticed Joseph
  8040 | D:7      | Killed Joseph
  9108 | D:7      | Found a runed door.
  9195 | D:7      | Reached **** piety under Okawaru
  9513 | D:7      | Noticed Crazy Yiuf
  9521 | D:7      | Killed Crazy Yiuf
  9625 | D:7      | Killed Baghtru's ghost
  9625 | D:7      | Reached skill level 9 in Maces & Flails
  9853 | D:8      | Got a jewelled leather armour
  9864 | D:8      | Identified the +3 leather armour of Divine Intervention {rPois Str+2 Dex+3} (You found it on level 8 of the Dungeon)
  9922 | D:8      | Found an opulent altar of Gozag.
 10080 | D:8      | Reached skill level 1 in Stealth
 10094 | D:8      | Found a radiant altar of Vehumet.
 10105 | D:8      | Noticed Psyche
 10160 | D:8      | Reached XP level 11. HP: 81/81 MP: 11/11
 10505 | D:9      | Found a sacrificial altar of Ru.
 10624 | D:9      | Found a shimmering altar of Xom.
 10744 | D:9      | Noticed a two-headed ogre
 10761 | D:9      | Killed a two-headed ogre
 10761 | D:9      | Reached skill level 10 in Maces & Flails
 11137 | D:9      | Reached skill level 5 in Dodging
 11214 | D:9      | Found a shadowy altar of Dithmenos.
 11557 | D:8      | Killed Psyche
 11557 | D:8      | Reached skill level 1 in Invocations
 11809 | D:10     | Entered Level 10 of the Dungeon
 11864 | D:10     | Noticed a two-headed ogre
 12024 | D:10     | Killed a two-headed ogre
 12170 | D:10     | Found a staircase to the Lair.
 12200 | D:10     | Noticed a skeletal warrior
 12201 | D:10     | Noticed a skeletal warrior
 12202 | D:10     | Noticed a skeletal warrior
 12254 | D:10     | Killed a skeletal warrior
 12254 | D:10     | Reached ***** piety under Okawaru
 12594 | D:9      | Killed a skeletal warrior
 12914 | D:10     | Got a pair of transparent gloves
 12953 | D:9      | Identified the cursed +0 pair of gloves of the Crushed Spirits {rPois rN+ Int+3} (You found it on level 10 of the Dungeon)
 13030 | D:9      | Reached skill level 11 in Maces & Flails
 13244 | D:10     | Reached XP level 12. HP: 88/91 MP: 12/12
 13309 | D:10     | Killed a skeletal warrior
 13927 | Lair:1   | Entered Level 1 of the Lair of Beasts
 13950 | Lair:1   | Reached skill level 1 in Throwing
 14369 | Lair:1   | Received a gift from Okawaru
 14979 | Lair:1   | Reached skill level 12 in Maces & Flails
 15324 | Lair:2   | Received a gift from Okawaru
 16633 | Lair:3   | Reached XP level 13. HP: 94/99 MP: 14/14
 16681 | Lair:3   | Noticed Urug
 16714 | Lair:3   | Killed Urug
 16714 | Lair:3   | Reached ****** piety under Okawaru
 16918 | Lair:3   | Reached skill level 13 in Maces & Flails
 17024 | Lair:3   | Found a staircase to the Snake Pit.
 17497 | Lair:4   | Found a staircase to the Swamp.
 17537 | Lair:4   | Noticed a six-headed hydra
 17554 | Lair:4   | Killed a six-headed hydra
 18097 | Lair:4   | Received a gift from Okawaru
 18150 | Lair:4   | Received a gift from Okawaru
 18174 | Lair:4   | Received a gift from Okawaru
 18558 | Lair:4   | Noticed an eight-headed hydra
 18569 | Lair:4   | Killed an eight-headed hydra
 18569 | Lair:4   | Reached skill level 10 in Shields
 19037 | Lair:4   | Identified a scroll of acquirement
 19193 | Lair:5   | Got an ancient spear
 19456 | Lair:5   | Identified the +9 spear of Deagi {pierce, rC+ Stlth+} (You found it on level 5 of the Lair of Beasts)
 19640 | Lair:5   | Found a staircase to the Slime Pits.
 19920 | Lair:5   | Noticed a catoblepas
 19945 | Lair:5   | HP: 2/101 [catoblepas (15)]
 19949 | Lair:5   | Killed from afar by a catoblepas

Skill      XL: |  1  2  3  4  5  6  7  8  9 10 11 12 13 |
---------------+----------------------------------------+-----
Axes           | 3 |  3.5
Armour         | 4 5 6 7 8 |  8.2
Maces & Flails | 1 2 4 6 8 9 11 12 13 | 13.7
Fighting       | 4 5 7 8 9 |  9.0
Dodging        | 1 2 3 4 5 6 7 |  7.3
Shields        | 4 5 7 8 10 | 10.1
Stealth        | 1 3 |  3.8
Invocations    | 1 2 |  2.3
Throwing       | 1 |  1.1
Polearms       | |  0.4
Evocations     | |  0.5

Action                   |  1- 3 |  4- 6 |  7- 9 | 10-12 | 13-15 || total
-------------------------+-------+-------+-------+-------+-------++-------
Melee: War axe           |    75 |    12 |       |       |       ||    87
       Morningstar       |       |   215 |   276 |   944 |   265 ||  1700
       Spear             |       |       |       |       |    50 ||    50
Throw: Tomahawk          |       |       |       |    10 |       ||    10
Invok: Heroism           |       |       |     1 |    17 |     9 ||    27
       Finesse           |       |       |       |       |     3 ||     3
Evoke: Wand              |       |       |       |    10 |       ||    10
  Use: Scroll            |       |     3 |     7 |    13 |     5 ||    28
       Potion            |       |     1 |       |     1 |       ||     2
 Stab: Sleeping          |       |       |       |    13 |       ||    13
  Eat: Chunk             |       |     7 |     7 |    20 |     7 ||    41
       Ration            |       |       |     2 |     3 |     1 ||     6
Armor: Scale mail        |    43 |   106 |    98 |    59 |       ||   306
       Leather armour    |       |       |       |    81 |    43 ||   124
       Plate armour      |       |       |       |     6 |       ||     6
Dodge: Dodged            |    19 |    65 |   129 |   443 |   163 ||   819
Block: Shield            |    47 |   135 |   167 |   493 |   251 ||  1093
